 Dungeon Crawl Stone Soup version 0.32-a0-886-g41c5271027 (webtiles) character file.

Game seed: 10424450848190288304

1293 TacoSundae the Cudgeller (level 8, -6/49 HPs)
             Began as a Gargoyle Fighter on Apr 2, 2024.
             Shot with an arrow by a centaur (10 damage)
             ... while paralysed by Grinder
             ... on level 6 of the Dungeon.
             The game lasted 00:17:06 (4955 turns).

TacoSundae the Cudgeller (Gargoyle Fighter)         Turns: 4955, Time: 00:17:06

Health: -6/49      AC: 18    Str: 19    XL:     8   Next: 56%
Magic:  8/8        EV:  2    Int: 10    God:
Gold:   183        SH:  0    Dex: 11    Spells: 7/7 levels left

rFire   . . .        n - +0 whip (drain)
rCold   . . .        c - +0 buckler
rNeg    + . .        f - +0 ring mail
rPois   ∞            p - +1 helmet
rElec   +            h - +2 cloak {Will+}
rCorr   +            t - +0 pair of gloves
SInv    .            (no boots)
Will    +....        (no amulet)
Stlth   +            b - ring of resist corrosion
HPRegen 0.28/turn    (no ring)
MPRegen 0.11/turn

%: no passive effects
@: paralysed
A: sickness immunity, AC +5, negative energy resistance 1, electricity
resistance, torment resistance 1, petrification resistance
a: no special abilities


You were on level 6 of the Dungeon.
You visited 2 branches of the dungeon, and saw 7 of its levels.

You collected 183 gold pieces.

Inventory:

Hand Weapons
 n - a +0 whip of draining (weapon)
 q - a +0 mace
Missiles
 d - 3 throwing nets
 m - 9 poisoned darts (quivered)
Armour
 c - a +0 buckler (worn)
 f - a +0 ring mail (worn)
 h - a +2 cloak of willpower (worn)
 p - a +1 helmet (worn)
 t - a +0 pair of gloves (worn)
Jewellery
 b - a ring of resist corrosion (left hand)
Wands
 o - a wand of polymorph (10)
Scrolls
 e - 4 scrolls of identify
 g - 4 scrolls of teleportation
 k - a scroll of enchant armour
Potions
 j - a potion of curing
 l - 3 potions of brilliance
 r - a potion of lignification


   Skills:
 + Level 5.3 Fighting
 * Level 7.4 Maces & Flails
 + Level 6.3 Armour
 - Level 4.8 Shields


You had 7 spell levels left.
You didn't know any spells.
Your spell library contained the following spells:

 Spells                   Type           Power      Damage    Failure   Level
 Lesser Beckoning         Tloc           0%         N/A       75%         2
 Fugue of the Fallen      Necr           0%         N/A       92%         3
 Maxwell's Portable Pile  Tloc           0%         2d(5-13)  92%         3
 Ozocubu's Armour         Ice            0%         N/A       92%         3
 Teleport Other           Tloc           0%         N/A       92%         3
 Manifold Assault         Tloc           0%         N/A       100%        7


Dungeon Overview and Level Annotations

Branches:
Dungeon (6/15)             Temple (1/1) D:5

Altars:
Ashenzari
Cheibriados
Fedhas
Gozag
Kikubaaqudgha
Makhleb
Qazlal
Ru
Sif Muna
Uskayaw
Vehumet
Wu Jian
Xom
Yredelemnul

Annotations:
D:6 Grinder, Maggie


Innate Abilities, Weirdness & Mutations

You are immune to sickness and miasma.
Your stone body is resilient. (AC +5)
You are immune to poison.
You resist negative energy. (rN+)
You are resistant to electric shocks. (rElec)
You are resistant to unholy torment.
You are immune to petrification.


Message History

You resist with almost no effort.
You sense an unholy aura.
n - a +0 whip of draining (weapon)
The howler monkey hits you but does no damage.
Grinder hits you.
* * * LOW HITPOINT WARNING * * *
Unknown command.
You hit the howler monkey but do no damage.
The howler monkey is almost dead.
The howler monkey hits you but does no damage.
Grinder hits you but does no damage.
Unknown command.
You closely miss the howler monkey.
The howler monkey is almost dead.
The howler monkey hits you but does no damage.
Grinder barely misses you.
You closely miss the howler monkey.
The howler monkey is almost dead.
The howler monkey hits you but does no damage.
You whack the howler monkey!
You kill the howler monkey!
You block Grinder's attack.
You hit Grinder.
Grinder is lightly wounded.
A centaur comes into view.
Grinder hits you but does no damage.
You barely miss Grinder.
Grinder is lightly wounded.
Grinder gestures at you.
You suddenly lose the ability to move!
The centaur wields a +0 orcbow.
The centaur shoots an arrow.
The arrow completely misses you. Grinder hits you but does no damage.
The centaur shoots an arrow.
The arrow hits you but does no damage. Grinder gestures at you.
You resist with almost no effort. Grinder hits you but does no damage.
The centaur shoots an arrow.
The arrow hits you!
* * * LOW HITPOINT WARNING * * *
The centaur shoots an arrow.
The arrow hits you!
You die...

### ..# #.#
#..#### #.#
#......#..#
#.#..####5#.#####
....c...@.......#
....#######.###.#
# #...)..<#
#?......#
#.......#
............#
####.......#...#
#.......##.##
............#


You could see Grinder and a centaur.

Vanquished Creatures
  Sigmund (D:2)
  A water moccasin (D:4)
  An ogre (D:6)
  A kobold brigand (D:5)
  A howler monkey (D:6)
  3 jellies
  4 hounds (D:5)
  Crazy Yiuf (D:2)
  A gnoll bouda (D:5)
  2 sleepcaps
  Jessica (D:3)
  2 iguanas
  3 orc wizards
  Robin (D:3)
  7 adders
  15 gnolls
  A white imp (D:5)
  4 dart slugs
  A ribbon worm (D:2)
  16 orcs
  5 endoplasms
  A giant cockroach (D:2)
  15 goblins
  12 hobgoblins
  16 kobolds
  6 quokkas
  9 ball pythons
  5 bats
  4 frilled lizards
  8 rats
148 creatures vanquished.

Vanquished Creatures (others)
  An orc (D:6)
  A ball python (D:3)
2 creatures vanquished.

Grand Total: 150 creatures vanquished

Notes
Turn   | Place    | Note
-------+----------+-------------------------------------------
     0 | D:1      | TacoSundae the Gargoyle Fighter began the quest for the
                  | Orb.
     0 | D:1      | Reached XP level 1. HP: 14/14 MP: 1/1
    96 | D:1      | Reached XP level 2. HP: 17/19 MP: 2/2
   368 | D:1      | Reached XP level 3. HP: 23/23 MP: 3/3
   871 | D:2      | Noticed Sigmund
   883 | D:2      | Killed Sigmund
   884 | D:2      | Reached skill level 4 in Maces & Flails
   884 | D:2      | Reached XP level 4. HP: 11/28 MP: 4/4
   884 | D:2      | Reached XP level 5. HP: 13/32 MP: 5/5
  1000 | D:2      | Found a runed translucent door.
  1001 | D:2      | Noticed Crazy Yiuf
  1010 | D:2      | Killed Crazy Yiuf
  1139 | D:2      | Reached XP level 6. HP: 37/37 MP: 6/6
  1384 | D:2      | Found a faded altar of an unknown god.
  1613 | D:3      | Found Kyxtorea's Distillery.
  2076 | D:3      | Noticed Robin
  2112 | D:3      | Killed Robin
  2221 | D:3      | Noticed Jessica
  2227 | D:3      | Killed Jessica
  2234 | D:3      | Reached skill level 5 in Maces & Flails
  2623 | D:4      | Reached skill level 5 in Armour
  2824 | D:4      | Reached XP level 7. HP: 36/41 MP: 7/7
  3183 | D:4      | Reached skill level 6 in Maces & Flails
  3240 | D:4      | Found a radiant altar of Vehumet.
  3504 | D:5      | Entered Level 5 of the Dungeon
  3737 | D:5      | Found a staircase to the Ecumenical Temple.
  3742 | Temple   | Entered the Ecumenical Temple
  3771 | D:5      | Found a shimmering altar of Xom.
  3833 | D:5      | Reached XP level 8. HP: 48/48 MP: 8/8
  4325 | D:5      | Reached skill level 7 in Maces & Flails
  4427 | D:5      | Reached skill level 5 in Fighting
  4599 | D:6      | Noticed Maggie
  4942 | D:6      | Noticed Grinder
  4951 | D:6      | Paralysed by Grinder for 5 turns
  4955 | D:6      | Shot with an arrow by a centaur

Illustrated notes

Levels and vault maps discovered:
D:1:      dpeg_arrival_three_same_balls, layout_basic, roderic_roman_lattice
D:2:      layout_loops_cross, ebering_ecumenical_altar_hall, uniq_sigmund,
          uniq_crazy_yiuf_cottage
D:3:      minmay_diamond_boxcup, layout_loops_ring, serial_shops,
          nicolae_shop_rolling_square, nrook_campfire,
          kennysheep_generic_room_16, uniq_robin, uniq_jessica
D:4:      layout_loops_cross, mainiacjoe_overflow_small_starburst,
          serial_forest, infiniplex_forest_clump_curved,
          infiniplex_forest_clump_cross, infiniplex_forest_fountain,
          infiniplex_forest_lined_3, infiniplex_forest_straight_2,
          infiniplex_forest_lined_3, infiniplex_forest_straight_5
D:5:      layout_loops_ring, xom_teletrap_fun, temple_doors_cd,
          hangedman_decor_clover_reticule, nicolae_nh_ransacked_shop
D:6:      layout_loops_ring, cheibrodos_sewer_entry_bend, serial_shops,
          nicolae_book_shop_shelving, chequers_big_river,
          hangedman_abyss_or_decor_lesser_grid, serial_bayou_pond_a,
          uniq_edmund, uniq_maggie, uniq_grinder
Temple:   nicolae_temple_ecumenical_triangle

Skill      XL: |  1  2  3  4  5  6  7  8 |
---------------+-------------------------+-----
Maces & Flails | 4 5 6 7 |  7.4
Armour         | 4 5 6 |  6.3
Shields        | 4 |  4.8
Fighting       | 4 5 |  5.3

Action                     |  1- 3 |  4- 6 |  7- 9 || total
---------------------------+-------+-------+-------++-------
  Melee: Flail             |    65 |   210 |   155 ||   430
         Mace              |       |       |   200 ||   200
         Whip              |       |       |     6 ||     6
  Throw: Dart              |       |       |     2 ||     2
    Use: Scroll            |       |     9 |     4 ||    13
         Potion            |       |       |     3 ||     3
 Armour: Scale mail        |    50 |   173 |       ||   223
         Ring mail         |       |     6 |   276 ||   282
  Dodge: Dodged            |    21 |    82 |   130 ||   233
  Block: Buckler           |     8 |    53 |    76 ||   137

Table legend: (Time is in decaauts)
 A = Elapsed time spent in this place.
 B = Non-inter-level travel time spent in this place.
 C = Inter-level travel time spent in this place.
 D = Time resting spent in this place.
 E = Time spent auto-exploring this place.
 F = Levels seen in this place.
 G = Mean time per level.
                   A        B        C        D        E       F      G
               +--------+--------+--------+--------+--------+-----+--------+
         Total |   5054 |   4701 |    353 |    157 |   2830 |   7 |  722.0 |
       Dungeon |   5038 |   4685 |    353 |    157 |   2830 |   6 |  839.7 |
        Temple |     15 |     15 |      0 |      0 |      0 |   1 |   15.0 |
               +--------+--------+--------+--------+--------+-----+--------+

Top non-repeatable levels by time:
     D:5: 1319 daAuts
     D:4: 1053 daAuts
     D:3: 909 daAuts
     D:2: 813 daAuts
     D:1: 804 daAuts
     D:6: 139 daAuts
  Temple: 15 daAuts
